 Dungeon Crawl Stone Soup version 0.20-a0-553-g9f38e11 (webtiles) character file.

966 drasked the Magician (level 7, -5/36 HPs)
             Began as a Deep Elf Fire Elementalist on Feb 3, 2017.
             Hit by a poisoned javelin thrown by an orc (9 damage)
             ... on level 5 of the Dungeon.
             The game lasted 00:23:08 (5678 turns).

drasked the Magician (Deep Elf Fire Elementalist)   Turns: 5678, Time: 00:23:09

Health: -5/36      AC:  4    Str:  5    XL:     7   Next: 93%
Magic:  5/19       EV: 13    Int: 22    God:
Gold:   226        SH:  3    Dex: 15    Spells: 9/20 levels left

rFire    . . .     SeeInvis .   e - +0 dagger
rCold    . . .     Gourm    .   a - +0 robe
rNeg     + . .     Faith    .   (no shield)
rPois    .         Spirit   .   n - +0 helmet
rElec    .         Reflect  +   h - +0 cloak
rCorr    .         Harm     .   (no gloves)
MR       .....                  (no boots)
Stlth    ++........             o - +3 amulet of reflection
Regen    0.2/turn               (no ring)
                                y - ring of positive energy {rN+}

@: very slightly contaminated
A: no striking features
a: no special abilities


You were on level 5 of the Dungeon.
You were not hungry.

You visited 2 branches of the dungeon, and saw 6 of its levels.

You collected 226 gold pieces.

Inventory:

Hand Weapons
 e - a +0 dagger (weapon)
   (You took it off a goblin on level 1 of the Dungeon)
Armour
 a - a +0 robe (worn)
 h - a +0 cloak (worn)
   (You found it on level 1 of the Dungeon)
 n - a +0 helmet (worn)
   (You found it on level 2 of the Dungeon)
Jewellery
 o - a +3 amulet of reflection (around neck)
   (You found it on level 2 of the Dungeon)
 y - a ring of positive energy (left hand) {rN+}
   (You found it on level 3 of the Dungeon)
Wands
 B - a wand of random effects (15/48)
   (You took it off Ijyb on level 3 of the Dungeon)
Scrolls
 d - 4 scrolls of fog {unknown}
 f - 2 scrolls of fear {unknown}
 i - a scroll of teleportation {unknown}
 p - 2 scrolls of remove curse {unknown}
 r - 2 scrolls of identify {unknown}
 s - a scroll of amnesia {unknown}
 x - 2 scrolls of blinking {unknown}
 C - a scroll of enchant weapon {unknown}
 D - a scroll of immolation {unknown}
 E - a scroll of magic mapping {unknown}
Potions
 g - 3 potions of flight {unknown}
 j - a potion of lignification {unknown}
 l - 2 potions of curing {unknown}
 m - 2 potions of brilliance {unknown}
 q - 3 potions of might {unknown}
 t - a potion of mutation {unknown}
 u - a potion of heal wounds {unknown}
 w - a potion of cancellation {unknown}
 z - 2 potions of magic {unknown}
 G - a potion of invisibility {unknown}
Books
 b - a book of Flames
Comestibles
 c - 4 bread rations {@e1}
 k - 3 meat rations {@e2}
 v - a royal jelly
 A - a fruit


   Skills:
 - Level 2.4 Dodging
 - Level 2.4 Stealth
 + Level 7.4 Spellcasting
 + Level 5.6 Conjurations
 + Level 6.7 Fire Magic


You had 9 spell levels left.
You knew the following spells:

 Your Spells              Type           Power        Failure   Level  Hunger
a - Flame Tongue          Conj/Fire      #####        1%          1    None
c - Conjure Flame         Conj/Fire      #####...     1%          3    None
f - Fireball              Conj/Fire      #####.....   17%         5    #####..
x - Throw Flame           Conj/Fire      #####.       1%          2    None


Dungeon Overview and Level Annotations

Branches:
Dungeon (5/15)             Temple (1/1) D:5

Altars:
Dithmenos
Elyvilon
Hepliaklqana
Makhleb
Nemelex Xobeh
Okawaru
Qazlal
Ru
Sif Muna
Uskayaw
Xom
Yredelemnul
Zin
The Shining One


Message History

There is an open door here.
There is an open door here.
You open the door.
Found a stormy altar of Qazlal.
There is an open door here.
There is an open door here.
You open the door.
Found a basalt altar of Yredelemnul.
There is an open door here.
There is an open door here.
You open the door.
Found a sacrificial altar of Ru.
There is an open door here.
There is an open door here.
You open the door.
Found an iron altar of Okawaru.
There is an open door here.
There is an open door here.
You open the door.
Found a sparkling altar of Nemelex Xobeh.
Found a white marble altar of Elyvilon.
There is an open door here.
There is an open door here.
You open the door.
Found a glowing silver altar of Zin.
There is an open door here.
Done exploring.
There is an open door here.
Can't find anything matching that.
Search for what [Enter for "vehy", or ? for help]? vehum Can't find anything matching that.
Search for what [Enter for "vehum", or ? for help]? vehu Can't find anything matching that.
Search for what [Enter for "vehu", or ? for help]? sif
(D) Dungeon (T) Temple
Where to? (Enter - D:5, ? - help)
What level of the Dungeon? (default 5, ? - help)
You open the door.
There is an open door here.
There is a staircase back to the Dungeon here.
You climb upwards.
Welcome back to the Dungeon!
An orc warrior comes into view. It is wielding a hand axe.
There is a staircase to the Ecumenical Temple here.
Aim: an orc warrior, wielding a hand axe and wearing a chain mail (hasn't noticed you)
The puff of flame misses the orc warrior.
You now have 17/19 mp.
Aim: an orc warrior, wielding a hand axe and wearing a chain mail You miscast Throw Flame.
You are very lightly contaminated with residual magic.
Nothing appears to happen.
You now have 15/19 mp.
Aim: an orc warrior, wielding a hand axe and wearing a chain mail The puff of flame misses the orc warrior.
You now have 13/19 mp.
Aim: an orc warrior, wielding a hand axe and wearing a chain mail The flame tongue hits the orc warrior.
The orc warrior appears unharmed.
An orc comes into view. It is wielding a falchion.
You now have 12/19 mp.
Aim: an orc warrior, wielding a hand axe and wearing a chain mail The flame tongue hits the orc warrior.
The orc shouts!
You now have 11/19 mp.
Aim: an orc warrior, wielding a hand axe and wearing a chain mail (heavily wounded)
The flame tongue hits the orc warrior.
The orc warrior appears unharmed.
The orc warrior misses you.
An orc comes into view.
You now have 11/19 mp.
Aim: an orc warrior, wielding a hand axe and wearing a chain mail (heavily wounded)
The flame tongue hits the orc warrior.
The orc shouts!
You block the orc warrior's attack.
You now have 10/19 mp.
Aim: an orc warrior, wielding a hand axe and wearing a chain mail (severely wounded)
The flame tongue hits the orc warrior.
The orc warrior appears unharmed.
The orc warrior hits you with a hand axe!
You take 12 damage, and have 24/36 hp.
MASSIVE DAMAGE!!
Aim: an orc warrior, wielding a hand axe and wearing a chain mail (severely wounded)
The flame tongue hits the orc warrior.
The orc warrior appears unharmed.
The orc warrior hits you with a hand axe!!
Ouch! That really hurt!
* * * LOW HITPOINT WARNING * * *
You take 20 damage, and have 4/36 hp.
MASSIVE DAMAGE!!
You now have 9/19 mp.
Aim: an orc warrior, wielding a hand axe and wearing a chain mail (severely wounded)
The flame tongue hits the orc warrior.
The orc warrior barely misses you.
You now have 8/19 mp.
Aim: an orc warrior, wielding a hand axe and wearing a chain mail (severely wounded)
The flame tongue hits the orc warrior.
The orc warrior barely misses you.
You now have 7/19 mp.
Aim: an orc warrior, wielding a hand axe and wearing a chain mail (almost dead)
The flame tongue hits the orc warrior.
You kill the orc warrior!
You now have 6/19 mp.
Aim: an orc, wearing a leather armour The flame tongue hits the orc.
You kill the orc!
The orc throws a poisoned javelin.
The poisoned javelin hits you!
You die...

.# #.# ###.#######
#.........#
#....####..
##....### .#
#.......#...
#.).........
#########....§..#...
.).....@[o.§§.......
#########..§§§.###!.
#......# # #..###.#
#..# .# #..# .# ....
.. #.... .


You could see an orc.

Vanquished Creatures
  The ghost of drasked the Magician, an amateur DEIE (D:4)
  Menkaure (D:4)
  An orc warrior (D:5)
  Blork the orc (D:4)
  A scorpion (D:5)
  A howler monkey (D:5)
  A hound (D:4)
  A centaur skeleton (D:4)
  2 orc priests
  Crazy Yiuf (D:2)
  Jessica (D:2)
  Natasha (D:2)
  An iguana (D:5)
  Ijyb (D:3)
  Robin (D:2)
  4 adders
  4 oozes
  An adder skeleton (D:4)
  A worm (D:2)
  3 dart slugs
  4 leopard geckos
  20 orcs
  6 giant cockroaches
  15 goblins
  8 hobgoblins
  10 jackals
  2 quokkas (D:3)
  5 ball pythons
  9 bats
  3 frilled lizards (D:1)
  6 kobolds
  10 rats
127 creatures vanquished.

Notes
Turn   | Place    | Note
-------+----------+-------------------------------------------
     0 | D:1      | drasked the Deep Elf Fire Elementalist began the quest for the Orb.
     0 | D:1      | Reached XP level 1. HP: 10/10 MP: 6/6
   147 | D:1      | Reached XP level 2. HP: 15/15 MP: 4/8
   852 | D:2      | Found a shadowy altar of Dithmenos.
   941 | D:2      | Reached XP level 3. HP: 10/19 MP: 5/10
   946 | D:2      | Learned a level 3 spell: Conjure Flame
  1042 | D:2      | Reached skill level 4 in Fire Magic
  1151 | D:2      | Reached skill level 4 in Spellcasting
  1408 | D:2      | Noticed Natasha
  1451 | D:2      | Learned a level 2 spell: Throw Flame
  1566 | D:2      | Noticed Robin
  1573 | D:2      | Reached skill level 2 in Conjurations
  1579 | D:2      | Killed Robin
  1581 | D:2      | HP: 4/19 [goblin/club[Robin] (3)]
  1582 | D:2      | Reached XP level 4. HP: 5/24 MP: 2/12
  2072 | D:2      | Killed Natasha
  2250 | D:2      | Noticed Jessica
  2388 | D:2      | Found a burning altar of Makhleb.
  2398 | D:2      | Found a shimmering altar of Xom.
  2436 | D:2      | Killed Jessica
  2436 | D:2      | Reached XP level 5. HP: 28/28 MP: 1/14
  2657 | D:2      | Found a runed door.
  2772 | D:2      | Noticed Crazy Yiuf
  2795 | D:2      | Killed Crazy Yiuf
  2795 | D:2      | Reached skill level 3 in Conjurations
  2964 | D:3      | Reached skill level 5 in Spellcasting
  3228 | D:3      | Found a hazy altar of Hepliaklqana.
  3381 | D:3      | Reached skill level 5 in Fire Magic
  3685 | D:3      | Noticed Ijyb
  3809 | D:3      | Reached XP level 6. HP: 32/32 MP: 1/16
  3992 | D:3      | Found a deep blue altar of Sif Muna.
  4133 | D:3      | Killed Ijyb
  4306 | D:4      | Noticed drasked's ghost (amateur DEIE)
  4315 | D:4      | Killed drasked's ghost
  4315 | D:4      | Reached skill level 6 in Spellcasting
  4315 | D:4      | Reached skill level 4 in Conjurations
  4843 | D:4      | Found a sparkling altar of Nemelex Xobeh.
  4847 | D:4      | Reached XP level 7. HP: 31/36 MP: 11/18
  4858 | D:4      | Learned a level 5 spell: Fireball
  4881 | D:4      | Noticed Blork the orc
  5231 | D:4      | Noticed Menkaure
  5286 | D:4      | Killed Menkaure
  5286 | D:4      | Reached skill level 6 in Fire Magic
  5327 | D:4      | Killed Blork the orc
  5327 | D:4      | Reached skill level 7 in Spellcasting
  5327 | D:4      | Reached skill level 5 in Conjurations
  5368 | D:5      | Entered Level 5 of the Dungeon
  5531 | D:5      | Found a staircase to the Ecumenical Temple.
  5541 | Temple   | Entered the Ecumenical Temple
  5674 | D:5      | HP: 4/36 [orc warrior/hand axe (21)]
  5678 | D:5      | Hit by a poisoned javelin thrown by an orc

Vault maps used:
D:1:      minmay_arrival_hallway
D:2:      amethyst_overflow_temple_binary, grunt_dithmenos_smoke_and_mirrors,
          kennysheep_boxes, uniq_natasha, uniq_jessica, uniq_robin,
          uniq_crazy_yiuf_cottage
D:3:      nicolae_overflow_hidden_temple, first_bread, minivault_25,
          led_sif_pool, uniq_iyjb
D:4:      cheibrodos_helix_gallery, nemelex_dance_club_becter,
          uniq_blork_the_orc, uniq_menkaure
D:5:      cheibrodos_quashed, kennysheep_mini, minmay_temple_entry_purple_smoke,
          uniq_duvessa, uniq_sigmund
Temple:   nicolae_temple_figure_zero

Skill      XL: |  1  2  3  4  5  6  7 |
---------------+----------------------+-----
Fire Magic     | 4 5 6 |  6.7
Spellcasting   | 4 5 6 7 |  7.4
Conjurations   | 2 3 4 5 |  5.6
Dodging        | |  2.4
Stealth        | |  2.4

Action                   |  1- 3 |  4- 6 |  7- 9 || total
-------------------------+-------+-------+-------++-------
Melee: Club              |    11 |       |       ||    11
       Dagger            |     5 |     9 |     1 ||    15
 Cast: Flame Tongue      |    69 |   104 |    24 ||   197
       Conjure Flame     |     4 |     7 |     2 ||    13
       Throw Flame       |       |    46 |    27 ||    73
 Stab: Sleeping          |     1 |     6 |     1 ||     8
  Eat: Chunk             |     2 |    10 |     3 ||    15
Armor: Robe              |    11 |     9 |       ||    20
Dodge: Dodged            |    21 |    29 |     5 ||    55
Block: Other             |     1 |     6 |     1 ||     8

Vault maps used:
D:1:      minmay_arrival_hallway
D:2:      amethyst_overflow_temple_binary, grunt_dithmenos_smoke_and_mirrors,
          kennysheep_boxes, uniq_natasha, uniq_jessica, uniq_robin,
          uniq_crazy_yiuf_cottage
D:3:      nicolae_overflow_hidden_temple, first_bread, minivault_25,
          led_sif_pool, uniq_iyjb
D:4:      cheibrodos_helix_gallery, nemelex_dance_club_becter,
          uniq_blork_the_orc, uniq_menkaure
D:5:      cheibrodos_quashed, kennysheep_mini, minmay_temple_entry_purple_smoke,
          uniq_duvessa, uniq_sigmund
Temple:   nicolae_temple_figure_zero

Table legend:
 A = Turns spent in this place as a percentage of turns spent in the entire game.
 B = Non-inter-level travel turns spent in this place as a percentage of non-inter-level travel turns spent in the entire game.
 C = Inter-level travel turns spent in this place as a percentage of turns spent in this place.
 D = Turns resting spent in this place as a percentage of non-inter-level travel turns spent in this place.
 E = Turns spent auto-exploring this place as a percentage of non-inter-level travel turns spent in this place.
 F = Non-inter-level travel turns spent in this place divided by the number of levels of this place that you've seen.
                   A       B       C       D       E      F
               +-------+-------+-------+-------+-------+----------------------
         Total | 100.0 | 100.0 |   0.3 |   5.1 |  10.2 | 286.8
       Dungeon |  98.2 |  98.3 |   0.3 |   5.1 |   9.8 | 338.2
        Temple |   1.8 |   1.7 |   3.2 |   0.0 |  33.3 |  30.0
               +-------+-------+-------+-------+-------+----------------------

Table legend:
 A = Kills in this place as a percentage of kills in entire the game.
 B = Kills by you in this place as a percentage of kills by you in the entire game.
 C = Kills by friends in this place as a percentage of kills by friends in the entire game.
 D = Other kills in this place as a percentage of other kills in the entire game.
 E = Experience gained in this place as a percentage of experience gained in the entire game.
 F = Experience gained in this place divided by the number of levels of this place that you have seen.
                   A       B       C       D       E      F
               +-------+-------+-------+-------+-------+----------------------
         Total | 100.0 | 100.0 |  -nan |  -nan | 100.0 | 230.0
       Dungeon | 100.0 | 100.0 |  -nan |  -nan | 100.0 | 276.0
               +-------+-------+-------+-------+-------+----------------------
